 Dungeon Crawl Stone Soup version 0.17.0-28-g6e173f8 (webtiles) character file.

47764 Britaniac the Arsonist (level 14, 0/79 HPs)
             Began as a Gargoyle Fire Elementalist on Nov 24, 2015.
             Was a High Priest of Vehumet.
             Slain by a black mamba (9 damage)
             ... on level 4 of the Lair of Beasts.
             The game lasted 01:25:28 (24538 turns).

Britaniac the Arsonist (GrFE)                      Turns: 24538, Time: 01:25:29

Health: 0/79       AC: 22    Str: 12    XL:     14   Next: 43%
Magic:  9/28       EV: 14    Int: 21    God:    Vehumet [*****.]
Gold:   1652       SH:  0    Dex: 13    Spells: 6 memorised, 16 levels left

rFire  . . .     SeeInvis +     G - +2 flail (protect)
rCold  . . .     Clarity  +     u - +2 leather armour {rC+}
rNeg   + + +     SustAt   .     (no shield)
rPois  ∞         Gourm    .     o - +1 hat {SInv}
rElec  +         Spirit   .     p - +1 cloak {rPois}
rCorr  .         Warding  .     (no gloves)
rMut   .         Rnd*Tele +     (no boots)
MR     +....                    I - amulet "Gimpodel" {Clar rPois rC- rN++ Dex+3}
Stlth  ++........               N - ring of positive energy
                                F - ring of teleportation (curse)

@: repel missiles, somewhat resistant to hostile enchantments, unstealthy
A: big wings, horns 1, negative energy resistance 1, electricity resistance,
unbreathing, petrification resistance, rot immunity, AC +9
a: Fly, Renounce Religion, Evoke Teleportation


You were on level 4 of the Lair of Beasts.
You worshipped Vehumet.
Vehumet was extremely pleased with you.
You were hungry.

You visited 4 branches of the dungeon, and saw 19 of its levels.
You also visited: Labyrinth and Sewer.

You collected 1652 gold pieces.

Inventory:

Hand Weapons
 r - a +1 flail of holy wrath
 G - a +2 flail of protection (weapon)
 K - the +13 sword of the Doom Knight {pain, -Cast MR+}
   (You found it in a labyrinth)

   In the hands of one skilled in necromantic magic, it inflicts extra damage on
   living creatures.
   It affects your resistance to hostile enchantments.
   It prevents spellcasting.
Armour
 o - a +1 hat of see invisible (worn)
 p - a +1 cloak of poison resistance (worn)
 u - a +2 leather armour of cold resistance (worn)
Jewellery
 F - a cursed ring of teleportation (left hand)
 I - the amulet "Gimpodel" (around neck) {Clar rPois rC- rN++ Dex+3}
   (You found it in a labyrinth)

   [amulet of clarity]

   It provides mental clarity.
   It affects your dexterity (+3).
   It makes you vulnerable to cold.
   It protects you from poison.
   It greatly protects you from negative energy.
 N - a ring of positive energy (right hand)
Wands
 q - a wand of frost (42)
 w - a wand of invisibility (5)
Scrolls
 a - 2 scrolls of fog
 d - 7 scrolls of identify
 n - 2 scrolls of blinking
 y - 5 scrolls of teleportation
 z - 3 scrolls of recharging
 A - a scroll of amnesia
 H - a scroll of magic mapping
 J - 2 scrolls of enchant weapon
Potions
 e - 3 potions of invisibility
 g - 4 potions of ambrosia
 j - 2 potions of berserk rage
 k - a potion of heal wounds
 m - 2 potions of agility
 s - 4 potions of haste
 x - a potion of lignification
 D - a potion of might
 Q - a potion of curing
Comestibles
 c - 9 bread rations
 i - 5 beef jerkies
 R - 2 fruits


   Skills:
 * Level 5.8 Fighting
 * Level 6.6 Maces & Flails
 + Level 5.0 Dodging
 - Level 2.1 Stealth
 - Level 10.0 Spellcasting
 - Level 10.1 Conjurations
 + Level 2.7 Charms
 * Level 7.0 Translocations
 + Level 13.0 Fire Magic
 * Level 4.8 Air Magic
 + Level 1.6 Evocations


You had 16 spell levels left.
You knew the following spells:

 Your Spells              Type           Power        Failure   Level  Hunger
a - Flame Tongue          Conj/Fire      #####        1%          1    None
b - Fireball              Conj/Fire      ######....   1%          5    ####...
c - Magic Dart            Conj           ####         1%          1    None
d - Repel Missiles        Chrm/Air       ####..       2%          2    None
e - Blink                 Tloc           N/A          1%          2    None
f - Bolt of Fire          Conj/Fire      ######....   3%          6    ######.


Dungeon Overview and Level Annotations

Branches:
Dungeon (10/15)            Temple (1/1) D:4            Lair (4/8) D:10
  Snake (0/4) Lair:3          Orc (4/4) D:10
  Swamp: Lair:3-6    Shoals: Lair:3-6       Elf: Orc:3-4

Altars:
Ashenzari
Cheibriados
Dithmenos
Elyvilon
Fedhas
Gozag
Kikubaaqudgha
Makhleb
Okawaru
Qazlal
Ru
Trog
Vehumet
Xom
Yredelemnul
Zin
The Shining One
Beogh

Shops:
D:6 =   D:7 =*[%[   D:9 ?   Orc:3 [


Innate Abilities, Weirdness & Mutations

You are resistant to torment.
Your stone body is resilient (AC +9).
You are immune to poison.
Your large and strong wings let you fly indefinitely.
You resist negative energy.
You are resistant to electric shocks.
You can survive without breathing.
You are immune to petrification.
You are immune to rotting.
You have a pair of small horns on your head.


Message History

Found 5 gold pieces.
Found a blowgun.
The yak bellows!
A black mamba comes into view.
The black mamba moves out of view.
The black mamba bites you but does no damage.
The black mamba misses you.
The black mamba bites you but does no damage.
The black mamba bites you.
* * * LOW HITPOINT WARNING * * *
The black mamba bites you but does no damage.
The black mamba bites you but does no damage.
The black mamba bites you but does no damage.
The black mamba bites you.
* * * LOW HITPOINT WARNING * * *
The black mamba bites you but does no damage.
The black mamba bites you!
* * * LOW HITPOINT WARNING * * *
The black mamba bites you!
You die...

#.##......#
#.#.......#
####.........#
#............##
###.............##
#P....>..........#
#................#
##................#
##......@...........
#.......S...........
#..............#..#
...
###..............##
...###
#.#....Y....#.###
##...####.#......#...#
#.....######...Y##.###
###..)...## ###Y#...#
##.##.P....######...##


You could see a black mamba and 3 yaks.

Vanquished Creatures
  Gastronok (D:10)
  A minotaur (Lab)
  Snorg (Orc:2)
  Fannar (Orc:1)
  2 hydras (Lair:4)
  Harold (D:10)
  A naga warrior (Lair:3)
  Erica (D:10)
  2 hill giants (D:10)
  9 elephants
  13 spiny frogs
  2 black mambas
  The ghost of bollicks1999 the Shield-Bearer, a novice FoFi (D:5)
  3 komodo dragons
  3 blink frogs (Lair:2)
  Grinder (D:5)
  A two-headed ogre (D:8)
  Prince Ribbit (D:5)
  A troll (Orc:2)
  A trapdoor spider (Lab)
  Sigmund (D:2)
  A wyvern (D:10)
  5 hippogriffs
  9 yaks
  2 basilisks
  2 hungry ghosts
  2 wargs
  4 nagas (Lair:3)
  Edmund (D:4)
  11 wolves
  5 ice beasts
  8 porcupines
  Duvessa (D:6)
  5 water moccasins
  2 sky beasts (D:8)
  5 ogres
  7 black bears
  11 orc warriors
  7 crocodiles
  5 centaurs
  Blork the orc (D:5)
  2 big kobolds (D:7)
  A brain worm (D:8)
  A gnoll sergeant (D:7)
  2 scorpions
  11 giant frogs
  Dowan (D:6)
  7 wights
  4 crimson imps
  A giant frog zombie (D:10)
  13 orc priests
  Crazy Yiuf (D:6)
  2 centaur skeletons
  8 hounds
  Terence (D:2)
  A gnoll shaman (D:7)
  5 iguanas
  17 orc wizards
  3 worker ants
  6 sheep (Lair:2)
  2 hound zombies
  A hound skeleton (D:9)
  A worker ant zombie (D:5)
  22 adders
  11 gnolls
  50 river rats
  A shadow imp (D:9)
  8 oozes
  3 adder skeletons
  3 worms
  14 giant geckos
  128 orcs
  9 ball pythons
  5 goblins
  13 hobgoblins
  13 jackals
  19 kobolds
  10 bats
  22 giant cockroaches
  A giant gecko skeleton (D:7)
  13 giant newts
  2 jackal skeletons
  A jackal zombie (D:5)
  3 quokkas
  5 rats
  A bush (D:6)
  A plant (Lair:3)
591 creatures vanquished.

Vanquished Creatures (others)
  4 fungi
4 creatures vanquished.

Grand Total: 595 creatures vanquished

Notes
Turn   | Place    | Note
--------------------------------------------------------------
     0 | D:1      | Britaniac the Gargoyle Fire Elementalist began the quest for the Orb.
     0 | D:1      | Reached XP level 1. HP: 10/10 MP: 3/3
   185 | D:1      | Reached XP level 2. HP: 12/15 MP: 0/5
   846 | D:1      | Reached XP level 3. HP: 19/19 MP: 6/6
  1333 | D:2      | Reached skill level 4 in Fire Magic
  1427 | D:2      | Reached XP level 4. HP: 1/24 MP: 0/7
  1802 | D:2      | Noticed Sigmund
  2245 | D:2      | Found a basalt altar of Yredelemnul.
  2251 | D:2      | Noticed Terence
  2311 | D:2      | Killed Terence
  2580 | D:2      | Reached XP level 5. HP: 28/28 MP: 6/9
  2611 | D:1      | Learned a level 5 spell: Fireball
  3507 | D:4      | Noticed Edmund
  3682 | D:2      | Found a radiant altar of Vehumet.
  3691 | D:2      | Became a worshipper of Vehumet
  3889 | D:2      | Killed Sigmund
  3889 | D:2      | Reached skill level 5 in Fire Magic
  3889 | D:2      | Reached XP level 6. HP: 18/32 MP: 2/11
  4461 | D:4      | Found a staircase to the Ecumenical Temple.
  4473 | Temple   | Entered the Ecumenical Temple
  4713 | D:4      | Killed Edmund
  4713 | D:4      | Reached XP level 7. HP: 33/36 MP: 3/12
  4807 | D:4      | Reached skill level 1 in Maces & Flails
  4989 | D:4      | Reached skill level 5 in Conjurations
  5609 | D:4      | Reached * piety under Vehumet
  5609 | D:4      | Offered knowledge of Sting by Vehumet.
  5620 | D:4      | Found an iron altar of Okawaru.
  5869 | D:5      | Entered Level 5 of the Dungeon
  5869 | D:5      | Noticed Prince Ribbit
  5871 | D:5      | Noticed bollicks1999's ghost (novice FoFi)
  6158 | D:5      | Found a glowing drain.
  6186 | Sewer    | Entered a sewer
  6484 | Sewer    | Offered knowledge of Magic Dart by Vehumet.
  6590 | Sewer    | Learned a level 1 spell: Magic Dart
  6608 | Sewer    | Reached ** piety under Vehumet
  7120 | Sewer    | Reached XP level 8. HP: 34/41 MP: 14/14
  7124 | Sewer    | Reached skill level 6 in Conjurations
  7509 | D:5      | Noticed Grinder
  7515 | D:5      | Paralysed by Grinder for 5 turns
  7523 | D:5      | Killed Grinder
  7523 | D:5      | Reached skill level 5 in Spellcasting
  7523 | D:5      | Reached skill level 7 in Conjurations
  7779 | D:5      | Offered knowledge of Ignite Poison by Vehumet.
  7873 | D:5      | Found a stormy altar of Qazlal.
  7906 | D:5      | Noticed Blork the orc
  7919 | D:5      | Killed Blork the orc
  8088 | D:5      | Killed Prince Ribbit
  8088 | D:5      | Reached skill level 8 in Conjurations
  8088 | D:5      | Reached XP level 9. HP: 37/45 MP: 5/17
  8374 | D:5      | Killed bollicks1999's ghost
  8913 | D:6      | Noticed Crazy Yiuf
  8917 | D:6      | Killed Crazy Yiuf
  8946 | D:6      | Found a blossoming altar of Fedhas.
  8946 | D:6      | Found a sacrificial altar of Ru.
  8946 | D:6      | Found a glowing silver altar of Zin.
  9004 | D:6      | Noticed Duvessa
  9165 | D:6      | Reached *** piety under Vehumet
  9400 | D:6      | Found Qakofaho's Jewellery Shop.
  9610 | D:6      | Reached skill level 9 in Conjurations
  9755 | D:6      | Noticed Dowan
  9763 | D:6      | Killed Dowan
  9774 | D:6      | Killed Duvessa
  9925 | D:7      | Found Yhyfa's Jewellery Shop.
 10005 | D:7      | Found Esaev's Armour Shoppe.
 10024 | D:7      | Found Zattium's Food Shop.
 10047 | D:7      | Offered knowledge of Stone Arrow by Vehumet.
 10392 | D:7      | Found Axzuger's Antique Armour Boutique.
 10912 | D:7      | Learned a level 2 spell: Repel Missiles
 10954 | D:7      | Found Cixurghi's General Store.
 11258 | D:7      | Reached **** piety under Vehumet
 11300 | D:8      | Reached XP level 10. HP: 38/50 MP: 10/20
 11409 | D:8      | Offered knowledge of Irradiate by Vehumet.
 11962 | D:8      | Gained mutation: You have a pair of small horns on your head. [potion of beneficial mutation]
 12003 | D:8      | Found a burning altar of Makhleb.
 12466 | D:8      | Found a shattered altar of Ashenzari.
 12469 | D:8      | Reached skill level 10 in Conjurations
 12634 | D:8      | Found an opulent altar of Gozag.
 13001 | D:9      | Reached ***** piety under Vehumet
 13048 | D:9      | Learned a level 2 spell: Blink
 13058 | D:9      | Offered knowledge of Bolt of Fire by Vehumet.
 13072 | D:9      | Learned a level 6 spell: Bolt of Fire
 13295 | D:9      | Found Falliep's Magic Scroll Shoppe.
 13521 | D:9      | Reached skill level 1 in Translocations
 13638 | D:10     | Entered Level 10 of the Dungeon
 13686 | D:10     | Noticed Erica
 13686 | D:10     | Noticed Harold
 13914 | D:10     | Noticed a hill giant
 13988 | D:10     | Killed a hill giant
 13988 | D:10     | Reached XP level 11. HP: 5/54 MP: 5/23
 14432 | D:10     | Killed Harold
 14770 | D:10     | Found a staircase to the Orcish Mines.
 14777 | D:10     | Noticed a hill giant
 14787 | D:10     | Killed a hill giant
 14787 | D:10     | Reached skill level 10 in Fire Magic
 14982 | D:10     | Found a staircase to the Lair.
 15276 | D:10     | Killed Erica
 15784 | Orc:1    | Entered Level 1 of the Orcish Mines
 15864 | Orc:1    | Reached skill level 10 in Spellcasting
 16022 | Orc:1    | Noticed Fannar
 16031 | Orc:1    | Killed Fannar
 16107 | Orc:1    | Reached skill level 1 in Charms
 16675 | Orc:2    | Found a roughly hewn altar of Beogh.
 16709 | Orc:2    | Noticed Snorg
 16721 | Orc:2    | Killed Snorg
 16721 | Orc:2    | Reached skill level 11 in Fire Magic
 16721 | Orc:2    | Reached skill level 1 in Air Magic
 17136 | Orc:3    | Found Beix Neph's Antique Armour Shop.
 17292 | Orc:4    | Entered Level 4 of the Orcish Mines
 17300 | Orc:4    | Reached XP level 12. HP: 60/60 MP: 14/26
 17648 | Orc:3    | Reached skill level 1 in Fighting
 18070 | Lair:1   | Entered Level 1 of the Lair of Beasts
 18193 | Lair:1   | Offered knowledge of Conjure Ball Lightning by Vehumet.
 18414 | Lair:1   | Found a labyrinth entrance.
 18459 | Lab      | Entered a labyrinth
 18793 | Lab      | Noticed a minotaur
 18799 | Lab      | Killed a minotaur
 18807 | Lab      | Got a brightly glowing emerald amulet
 18914 | Lair:1   | Identified the amulet "Gimpodel" {Clar rPois rC- rN++ Dex+3} (You found it in a labyrinth)
 18965 | Lair:1   | Noticed Gastronok
 18987 | Lair:1   | Reached skill level 5 in Translocations
 19369 | D:10     | Killed Gastronok
 20574 | Lair:2   | Reached skill level 12 in Fire Magic
 20600 | Lair:2   | Reached skill level 5 in Fighting
 20600 | Lair:2   | Reached skill level 5 in Maces & Flails
 20600 | Lair:2   | Reached skill level 1 in Evocations
 20600 | Lair:2   | Reached XP level 13. HP: 67/72 MP: 27/27
 21088 | Lair:2   | Gained mutation: Your large and strong wings let you fly indefinitely. [Gargoyle growth]
 21088 | Lair:2   | Reached XP level 14. HP: 78/78 MP: 12/28
 22879 | Lair:3   | Found a staircase to the Snake Pit.
 24037 | Lair:3   | Offered knowledge of Lee's Rapid Deconstruction by Vehumet.
 24445 | Lair:4   | Reached skill level 5 in Dodging
 24508 | Lair:4   | Reached skill level 13 in Fire Magic
 24538 | Lair:4   | Slain by a black mamba

Action                   |  1- 3 |  4- 6 |  7- 9 | 10-12 | 13-15 || total
-------------------------+-------+-------+-------+-------+-------++-------
Melee: Unarmed           |     7 |       |       |       |       ||     7
       Mace              |    26 |    22 |       |       |       ||    48
       Flail             |       |     4 |     5 |    98 |    27 ||   134
       Dire flail        |       |       |   102 |       |       ||   102
 Cast: Flame Tongue      |    48 |   105 |   330 |   485 |   222 ||  1190
       Magic Dart        |       |       |    16 |     8 |       ||    24
       Fireball          |       |       |    12 |   105 |    42 ||   159
       Bolt of Fire      |       |       |       |    30 |    25 ||    55
       Repel Missiles    |       |       |       |     1 |       ||     1
  Use: Potion            |       |       |    12 |     6 |     1 ||    19
       Scroll            |       |       |    10 |     5 |     1 ||    16
 Stab: Sleeping          |       |     1 |     1 |       |       ||     2
  Eat: Chunk             |     2 |     7 |    24 |    45 |    17 ||    95
       Meat ration       |       |     1 |       |     3 |     2 ||     6
       Fruit             |       |       |       |     5 |     1 ||     6
       Pizza             |       |       |       |     1 |       ||     1
